Map: Magannatha LE

Players

ManlyManMeat

  • Race: Zerg Zerg
  • League: Master
  • Spawn Location: 11:00

NotGayEnough - Winner!

  • Race: Protoss Protoss
  • Spawn Location: 5:00

VOD

Have the link to the VOD?

Description

Time

  • Played on: June 15, 2025, 9:02 a.m.
  • Length: 26:39
Show
View Real Time Build Order
Export as new Build Order

ManlyManMeat Zerg 

Build Orders: Hatch First 

Get SALT Encoding   

  12  0:07  Overlord  
  12  0:12  Drone  
  13  0:16  Drone  
  14  0:26  Drone  
  15  0:29  Drone  
  16  0:40  Drone  
  17  0:52  Hatchery  
  17  0:54  Drone  
  17  1:01  Drone  
  18  1:12  Spawning Pool  
  18  1:16  Extractor, Drone  
  17  1:23  Drone  
  18  1:34  Drone  
  19  1:44  Drone  
  20  1:55  Drone  
  21  2:03  Queen x2  
  21  2:05  Overlord  
  21  2:08  Drone  
  26  2:15  Zergling x2  
  27  2:18  Zergling x2  
  27  2:20  Metabolic Boost  
  28  2:27  Drone  
  29  2:36  Zergling x4  
  31  2:44  Queen  
  31  2:45  Drone  
  34  2:52  Overlord  
  34  2:53  Drone  
  35  3:09  Hatchery  
  34  3:14  Queen  
  36  3:20  Drone x4  
  36  3:21  Drone  
  41  3:29  Drone x3  
  42  4:08  Drone x2  
  42  4:09  Overlord x4  
  44  4:17  Extractor  
  44  4:18  Extractor x2, Drone x2  
  43  4:24  Queen  
  43  4:27  Drone x3  
  43  4:28  Drone x2  
  52  4:31  Spore Crawler  
  52  4:32  Spore Crawler  
  50  4:41  Queen  
  50  4:47  Lair  
  50  5:15  Drone x3  
  50  5:16  Drone x6  
  50  5:17  Overlord x3  
  59  5:27  Drone x6  
  59  5:28  Overlord  
  65  5:34  Hatchery  
  64  5:37  Evolution Chamber  
  64  5:38  Evolution Chamber  
  64  5:41  Spore Crawler  
  61  5:51  Spore Crawler  
  61  5:52  Drone  
  61  5:53  Spore Crawler, Drone x3  
  63  6:08  Zergling x2  
  63  6:09  Zergling x14  
  71  6:22  Overlord x3  
  71  6:30  Zerg Missile Weapons Level 1  
  71  6:31  Zerg Ground Armor Level 1  
  71  6:33  Hydralisk Den  
  71  6:36  Spire  
  67  7:03  Hydralisk x4, Grooved Spines  
  67  7:04  Hydralisk x3  
  67  7:05  Hydralisk x3  
  87  7:14  Drone x3  
  87  7:15  Drone x5  
  90  7:34  Overseer, Infestation Pit  
  90  7:35  Overseer x2  
  89  7:38  Pneumatized Carapace  
  89  7:44  Extractor  
  89  7:46  Extractor  
  89  7:50  Extractor, Drone x4  
  89  7:51  Extractor, Drone  
  88  8:00  Queen  
  88  8:15  Hatchery  
  85  8:22  Hive  
  85  8:23  Muscular Augments  
  85  8:46  Hydralisk x7  
  85  8:47  Hydralisk  
  102  8:48  Zergling x8  
  102  8:51  Drone  
  102  8:52  Drone x4  
  102  8:53  Drone x3  
  113  9:00  Zergling x4  
  115  9:06  Hatchery  
  114  9:22  Spore Crawler  
  113  9:25  Spore Crawler x2  
  113  9:27  Zerg Missile Weapons Level 2  
  113  9:28  Zerg Ground Armor Level 2  
  111  9:33  Adrenal Glands  
  111  9:46  Hydralisk x3  
  111  9:47  Hydralisk  
  119  9:56  Zergling x6  
  119  9:57  Zergling x4, Overlord x2  
  124  10:15  Overlord x2  
  124  10:19  Hydralisk x5  
  124  10:20  Hydralisk  
  136  10:32  Overlord x2  
  136  10:39  Viper x2  
  142  11:04  Viper x2  
  145  11:22  Unknown  
  145  11:23  Corruptor x4  
  153  11:28  Drone  
  153  11:29  Drone  
  153  11:30  Drone  
  156  11:34  Drone  
  157  11:49  Roach Warren  
  156  11:59  Zergling x38  
  156  12:00  Zergling x12, Overlord  
  156  12:01  Overlord x2  
  174  12:46  Roach x12  
  192  13:12  Hydralisk x4  
  166  13:30  Zergling x20  
  145  13:39  Hydralisk  
  106  13:54  Viper x2  
  106  13:55  Hydralisk, Viper  
  109  13:56  Hydralisk x3  
  109  13:59  Zerg Missile Weapons Level 3, Zerg Ground Armor Level 3  
  117  14:03  Glial Reconstitution  
  116  14:22  Hydralisk x11  
  116  14:23  Hydralisk x4  
  137  14:40  Hydralisk x6, Zergling x2  
  137  14:41  Hydralisk x3  
  131  15:07  Roach x6  
  131  15:08  Roach x9  
  154  15:15  Hydralisk x2  
  158  15:25  Hatchery  
  157  15:46  Hydralisk x4  
  157  15:47  Hydralisk x4  
  173  15:57  Overseer  
  173  15:58  Overseer  
  173  15:59  Overlord x2  
  173  16:05  Viper  
  176  16:31  Hydralisk x5  
  176  16:32  Hydralisk  
  188  16:34  Hydralisk  
  190  16:51  Drone x6  
  190  16:52  Drone  
  197  16:56  Overlord  
  197  16:57  Overlord  
  197  17:11  Zerg Melee Weapons Level 1  
  197  17:13  Tunneling Claws  
  196  17:39  Viper  
  195  18:05  Viper x5  
  189  18:14  Viper  
  189  18:15  Viper  
  190  18:55  Hydralisk x16  
  153  18:56  Hydralisk  
  153  19:13  Hydralisk  
  153  19:14  Hydralisk x7  
  153  19:15  Hydralisk  
  156  20:03  Roach x9  
  174  20:12  Queen  
  176  20:28  Roach x2  
  177  20:59  Roach x2  
  172  21:06  Viper x3  
  172  21:10  Zergling x8  
  182  21:11  Overlord x3  
  176  21:46  Viper x2  
  182  21:48  Roach x3  
  182  21:49  Roach  
  182  21:51  Zergling x12  
  182  21:52  Zergling x12  
  194  22:29  Hatchery  
  181  22:42  Queen x2  
  181  23:21  Hydralisk x2, Viper x2  
  191  23:49  Zergling x2  
  191  23:50  Zergling x16  
  200  23:59  Extractor  
  200  24:01  Extractor  
  152  24:21  Hydralisk x12  
  152  24:22  Hydralisk  
  105  24:31  Zergling x2  
  105  24:32  Zergling x24  
  105  24:34  Hydralisk  
  118  24:45  Hydralisk  
  116  24:50  Hydralisk  
  105  25:04  Hydralisk  
  102  25:18  Hydralisk  
  103  25:22  Zergling x2  
  103  25:23  Zergling x16  
  107  25:37  Zergling x8  
  107  25:41  Overseer  
  97  25:51  Hatchery  
  97  25:54  Zergling x2  
  97  25:55  Zergling x4  
  89  25:58  Hatchery  
  89  26:02  Hatchery  
  84  26:09  Hatchery  
Show
View Real Time Build Order
Export as new Build Order

NotGayEnough Protoss - Winner!

Build Orders: 1 Gate Expand, Oracle Opening, Carriers 

Get SALT Encoding   

  12  0:00  Probe  
  13  0:12  Probe  
  14  0:22  Pylon  
  14  0:24  Probe  
  15  0:41  Probe  
  16  0:51  Gateway  
  16  1:01  Gateway  
  16  1:08  Probe  
  17  1:20  Probe  
  18  1:27  Nexus  
  18  1:42  Cybernetics Core  
  18  1:51  Probe  
  18  1:52  Assimilator  
  18  1:55  Assimilator  
  18  1:59  Probe  
  20  2:08  Probe  
  20  2:11  Pylon  
  21  2:26  Adept  
  21  2:29  Probe  
  24  2:41  Probe  
  25  2:45  Probe  
  26  2:53  Probe  
  26  2:57  Probe  
  28  2:58  Warp Gate  
  28  3:00  Stargate  
  28  3:05  Probe  
  29  3:13  Probe x2  
  29  3:16  Assimilator  
  31  3:20  Assimilator  
  31  3:21  Probe x2  
  33  3:30  Probe  
  34  3:38  Adept  
  36  3:54  Shield Battery  
  36  3:59  Oracle  
  37  4:07  Gateway  
  37  4:10  Gateway x2  
  37  4:11  Pylon  
  37  4:15  Probe x2  
  39  4:22  Shield Battery  
  39  4:27  Probe x2  
  39  4:29  Phoenix  
  43  4:39  Probe x2  
  45  4:47  Sentry x2  
  45  4:51  Probe x2  
  51  5:03  Probe x2  
  53  5:26  Pylon  
  53  5:27  Nexus, Pylon  
  53  5:28  Pylon  
  53  5:31  Pylon  
  53  5:40  Void Ray  
  57  5:50  Stalker  
  57  5:51  Stalker x2  
  63  6:00  Shield Battery  
  63  6:02  Shield Battery  
  63  6:06  Gateway  
  63  6:09  Gateway  
  63  6:13  Probe x2  
  63  6:17  Stalker  
  63  6:18  Stalker x2  
  71  6:25  Probe  
  71  6:26  Probe  
  73  6:38  Probe x2  
  75  6:47  Stalker x2  
  75  6:48  Stalker  
  75  6:50  Probe x2  
  83  6:57  Robotics Facility  
  83  7:00  Probe  
  83  7:02  Probe  
  83  7:03  Probe  
  83  7:08  Probe  
  86  7:10  Probe  
  86  7:12  Probe  
  88  7:16  Probe  
  88  7:19  Probe  
  88  7:20  Probe  
  91  7:25  Adept  
  91  7:28  Probe  
  95  7:31  Probe  
  95  7:32  Probe  
  97  7:38  Stalker  
  97  7:39  Stalker  
  101  7:44  Assimilator  
  101  7:48  Pylon, Assimilator  
  101  7:49  Pylon  
  101  7:51  Pylon  
  101  7:52  Pylon  
  101  7:53  Pylon x2  
  101  8:06  Probe x3  
  88  8:26  Stalker x2  
  90  8:27  Stalker x4  
  98  8:54  Fleet Beacon  
  98  8:56  Nexus  
  98  8:58  Pylon  
  98  8:59  Stargate  
  98  9:00  Stargate  
  98  9:02  Pylon  
  98  9:08  Forge  
  98  9:22  Protoss Shields Level 1  
  98  9:25  Carrier  
  98  9:26  Observer  
  98  9:30  Carrier  
  98  9:31  Carrier  
  117  9:54  Observer  
  118  10:02  Photon Cannon  
  118  10:06  Photon Cannon  
  118  10:11  Photon Cannon  
  118  10:17  Photon Cannon  
  118  10:20  Carrier, Photon Cannon  
  118  10:21  Protoss Air Weapons Level 1  
  118  10:22  Photon Cannon  
  118  10:24  Carrier, Photon Cannon  
  118  10:25  Carrier  
  118  10:26  Shield Battery  
  118  10:27  Shield Battery  
  136  10:46  Cybernetics Core  
  136  11:11  Carrier  
  136  11:16  Carrier  
  136  11:17  Carrier  
  142  11:31  Twilight Council  
  154  11:47  Protoss Air Armor Level 1  
  154  12:01  Carrier  
  154  12:14  Carrier  
  154  12:15  Carrier  
  169  12:32  Pylon  
  158  13:06  Carrier  
  158  13:07  Carrier  
  133  13:36  Stalker x2  
  133  13:37  Stalker x4  
  133  13:38  Stalker  
  141  13:49  Carrier  
  147  14:09  Protoss Air Weapons Level 2  
  147  14:11  Protoss Air Armor Level 2  
  147  14:12  Carrier x2, Protoss Shields Level 2  
  147  14:43  Zealot x2  
  147  14:44  Zealot x5  
  123  15:24  Carrier x3  
  123  15:31  Assimilator  
  123  15:34  Assimilator  
  141  16:01  Blink  
  141  16:05  Nexus  
  141  16:07  Pylon  
  141  16:10  Pylon  
  141  16:14  Pylon  
  141  16:17  Pylon  
  141  16:18  Pylon  
  141  16:24  Carrier x3  
  141  16:30  Protoss Shields Level 3  
  159  16:54  Protoss Air Weapons Level 3  
  159  17:07  Protoss Air Armor Level 3  
  159  17:10  Shield Battery  
  159  17:13  Shield Battery  
  159  17:16  Shield Battery  
  159  17:18  Photon Cannon  
  159  17:20  Photon Cannon  
  159  17:22  Photon Cannon  
  159  17:23  Photon Cannon  
  159  17:26  Photon Cannon x2  
  159  17:29  Carrier x3, Shield Battery  
  148  18:17  Carrier x3  
  124  19:08  Carrier  
  124  19:09  Carrier x2  
  118  19:49  Charge  
  118  20:04  Carrier x2  
  118  20:10  Gateway  
  118  20:11  Gateway  
  118  20:13  Gateway  
  130  20:14  Zealot x4  
  130  20:15  Zealot x3  
  130  20:16  Carrier  
  150  20:29  Gateway  
  150  20:30  Gateway  
  133  21:23  Zealot x3  
  133  21:24  Zealot x3  
  133  21:25  Zealot x3  
  151  21:27  Observer  
  131  22:11  Zealot  
  131  22:12  Zealot x7  
  131  22:13  Zealot x3  
  150  22:39  Zealot  
  150  22:40  Zealot x6  
  150  22:41  Zealot x4  
  172  22:55  Carrier x3  
  134  23:29  Zealot x5  
  134  23:30  Zealot x6  
  145  24:33  Zealot x6  
  145  24:34  Zealot x4  
  143  25:16  Carrier x3  
  155  25:39  Zealot  
  150  25:44  Zealot x3  
  150  25:45  Zealot x5  
  150  25:46  Zealot  
  154  26:03  Zealot  
  152  26:16  Zealot x2  
  152  26:17  Zealot x5  
Tags
 
Add a new tag
Caveats
  • Supply blocks, unpowered buildings, or Contaminate may cause inaccurate times.
  • Supply counts are checked every 10 seconds.